 Dungeon Crawl Stone Soup version 0.24-a0-201-gf205589 (webtiles) character file.

Game seed: 5827004197242492282

3726 Borgoz the Cutter (level 10, -12/82 (83) HPs)
             Began as a Ghoul Monk on Mar 22, 2019.
             Was a Believer of Ashenzari.
             Mangled by a minotaur
             ... wielding a +4 glaive of protection
              (38 damage)
             ... in a Gauntlet.
             The game lasted 00:23:46 (9438 turns).

Borgoz the Cutter (Ghoul Monk)                      Turns: 9438, Time: 00:23:46

HP:   -12/82 (83)   AC: 18    Str: 20    XL:     10   Next: 14%
MP:   12/12         EV: 13    Int:  6    God:    Ashenzari [**....]
Gold: 64            SH:  0    Dex: 13    Spells: 12/13 levels left

rFire    + + .     SeeInvis .   a - +4 rapier (elec)
rCold    + + .     Gourm    .   (no shield)
rNeg     + + +     Faith    .   x - +1 scale mail of Fedhas's Favour {rPois rF+ rN+ Regen+}
rPois    ∞         Spirit   .   k - +2 helmet of a Labyrinth {rElec}
rElec    +         Reflect  .   i - scarf {rC+ rF+}
rCorr    +         Harm     .   o - +2 pair of gloves
MR       .....     NoTele   +   y - +2 pair of boots of the Big Bang {Str+4}
Stlth    ++........             (no amulet)
HPRegen  0.00/turn              j - ring of resist corrosion
MPRegen  0.13/turn              (no ring)

@: very slightly contaminated, rotting
A: rotting body, claws 1, carnivore, cold resistance 1, negative energy
resistance 3, inhibited regeneration, torment resistance, unbreathing
a: Curse Item, Scrying, Renounce Religion


You were in a Gauntlet.
You worshipped Ashenzari.
Ashenzari was pleased with you.
You were not hungry.

You visited 3 branches of the dungeon, and saw 11 of its levels.
You also visited: Gauntlet.

You collected 441 gold pieces.
You spent 377 gold pieces at shops.

Inventory:

Hand Weapons
 a - a +4 rapier of electrocution (weapon)
 b - the +8 rapier "Syczij" {flame, rF+ rN+ Int-4}
   (You found it on level 7 of the Dungeon)

   It has been specially enchanted to burn those struck by it, causing extra
   injury to most foes and up to half again as much damage against particularly
   susceptible opponents.
   It affects your intelligence (-4).
   It protects you from fire.
   It protects you from negative energy.
Missiles
 g - 11 tomahawks (quivered)
Armour
 d - a +0 ring mail
 i - a scarf of resistance (worn)
 k - the +2 helmet of a Labyrinth (worn) {rElec}
   (You took it off Robin on level 2 of the Dungeon)

   It insulates you from electricity.
 o - a +2 pair of gloves (worn)
 p - a +0 scale mail of cold resistance
 x - the +1 scale mail of Fedhas's Favour (worn) {rPois rF+ rN+ Regen+}
   (You found it on level 7 of the Dungeon)

   It protects you from fire.
   It protects you from poison.
   It protects you from negative energy.
   It increases your rate of regeneration.
 y - the +2 pair of boots of the Big Bang (worn) {Str+4}
   (You found it in a Gauntlet)

   It affects your strength (+4).
Jewellery
 j - a ring of resist corrosion (left hand)
 v - an uncursed amulet of harm
Scrolls
 f - a scroll of magic mapping
 l - 2 scrolls of fog
 m - 3 scrolls of remove curse
 n - 2 scrolls of blinking
 t - 2 scrolls of teleportation
 u - a scroll of fear {unknown}
 w - a scroll of enchant armour {unknown}
Potions
 h - a potion of heal wounds
 q - a potion of berserk rage
 r - a potion of curing
 s - 3 potions of flight
Comestibles
 c - 19 rations


   Skills:
 + Level 6.2 Fighting
 + Level 7.6 Short Blades
 + Level 5.1 Armour
 + Level 6.1 Dodging
 + Level 7.2 Stealth
 + Level 2.0 Spellcasting
 + Level 2.0 Hexes


You had 12 spell levels left.
You knew the following spells:

 Your Spells              Type           Power        Failure   Level  Hunger
a - Confusing Touch       Hex            #.....       43%         1    ##.....

Your spell library contained the following spells:

 Spells                   Type           Power        Failure   Level  Hunger
 Animate Skeleton         Necr           N/A          73%         1    ##.....
 Apportation              Tloc           #.....       73%         1    ##.....
 Flame Tongue             Conj/Fire      #....        73%         1    ##.....
 Summon Small Mammal      Summ           #...         73%         1    ##.....
 Throw Flame              Conj/Fire      #.....       86%         2    ###....
 Inner Flame              Hex/Fire       #.......     91%         3    ####...
 Conjure Flame            Conj/Fire      #.......     97%         3    ####...
 Sticky Flame             Conj/Fire      #.......     100%        4    #####..
 Fireball                 Conj/Fire      #.........   100%        5    ######.


Dungeon Overview and Level Annotations

Branches:
Dungeon (9/15)             Temple (1/1) D:5            Lair (1/6) D:8
    Orc (0/2) D:9

Altars:
Ashenzari
Cheibriados
Dithmenos
Elyvilon
Fedhas
Gozag
Hepliaklqana
Kikubaaqudgha
Makhleb
Nemelex Xobeh
Okawaru
Qazlal
Ru
Sif Muna
Trog
Uskayaw
Vehumet
Wu Jian
Xom
Yredelemnul
Zin
The Shining One

Shops:
D:5 }?   D:7 }   D:8 !!*(

Annotations:
D:6 Prince Ribbit Gauntlet 8 transporters, 3 runed translucent doors


Innate Abilities, Weirdness & Mutations

Your body is rotting away.
You thrive on raw meat.
You are immune to poison.
You have sharp fingernails.
You are carnivorous and can eat meat at any time.
Your flesh is cold resistant. (rC+)
You are immune to negative energy. (rN+++)
You do not regenerate when monsters are visible.
You are immune to unholy pain and torment.
You can survive without breathing.


Message History

Casting: Confusing Touch (safe; 43% risk of failure)
Confirm with . or Enter, or press ? or * to list all spells.
Your hands begin to glow red.
As you open the door, it creaks loudly!
A minotaur comes into view.
It is wielding a +4 glaive of protection.
The minotaur throws a javelin.
The javelin hits you.
Found an uncursed pair of boots.
Found a gate leading back out of this place.
There is an open door here.
You see here a javelin.
The minotaur throws a javelin.
The javelin hits you!
You see here a javelin.
The minotaur hits you from afar with a +4 glaive of protection!
The minotaur hits you with a +4 glaive of protection!!
The minotaur gores you but does no damage.
You hit the minotaur but do no damage.
The minotaur appears confused.
You hit the minotaur but do no damage. Lightning courses through the minotaur!
The minotaur is moderately wounded.
The minotaur hits you with a +4 glaive of protection!!!
You die...

* * * ##+###
#.⌠..#** #.H.⌠+
*{+⌠@..# *#..∩.#
##(###
#######(#######
#.............#
#.###.###.###.#
#.............#
###.###.###.###
#####.###.###.#####


You could see a minotaur (confused).

Vanquished Creatures
  An eye of devastation (Gauntlet)
  A komodo dragon (Lair:1)
  Sigmund (D:4)
  Menkaure (D:4)
  Edmund (D:6)
  3 swamp worms (Gauntlet)
  A water moccasin (Lair:1)
  A floating eye (Gauntlet)
  An orc warrior (D:9)
  An ice beast (D:5)
  2 phantoms
  2 ogres
  A crocodile (Lair:1)
  2 centaurs
  A big kobold (D:9)
  4 bullfrogs
  2 gnoll sergeants (D:9)
  3 crimson imps
  4 hounds
  A quasit (D:7)
  3 orc priests
  A bullfrog skeleton (D:4)
  8 orc wizards
  Jessica (D:3)
  5 worker ants
  2 hound zombies (D:5)
  Robin (D:2)
  3 hound skeletons
  4 gnolls (D:3)
  12 adders
  A shadow imp (D:8)
  3 oozes
  A worm (D:3)
  6 dart slugs
  3 leopard geckos
  15 orcs
  5 bats
  11 giant cockroaches
  15 goblins
  6 hobgoblins
  9 jackals
  5 frilled lizards
  7 kobolds
  A leopard gecko skeleton (D:4)
  A rat (D:3)
163 creatures vanquished.

Vanquished Creatures (others)
  A plant (Lair:1)
1 creature vanquished.

Grand Total: 164 creatures vanquished

Notes
Turn   | Place    | Note
-------+----------+-------------------------------------------
     0 | D:1      | Borgoz the Ghoul Monk began the quest for the Orb.
     0 | D:1      | Reached XP level 1. HP: 19/19 MP: 0/0
   179 | D:1      | Reached XP level 2. HP: 16/26 MP: 1/1
   604 | D:1      | Reached XP level 3. HP: 18/31 MP: 2/2
   987 | D:2      | Identified the +2 helmet of a Labyrinth {rElec}
   987 | D:2      | Noticed Robin
  1179 | D:2      | Reached skill level 1 in Armour
  1192 | D:2      | Reached XP level 4. HP: 27/40 MP: 3/3
  1390 | D:2      | Found a hazy altar of Hepliaklqana.
  1460 | D:2      | Killed Robin
  1587 | D:2      | Reached XP level 5. HP: 36/46 MP: 4/4
  2096 | D:3      | Found a deep blue altar of Sif Muna.
  2599 | D:3      | Found a glowing silver altar of Zin.
  2628 | D:3      | Noticed Jessica
  2639 | D:3      | Killed Jessica
  2639 | D:3      | Reached XP level 6. HP: 46/52 MP: 5/5
  2839 | D:3      | Found a shimmering altar of Xom.
  2839 | D:3      | Found a sacrificial altar of Ru.
  2841 | D:3      | Found a radiant altar of Vehumet.
  2841 | D:3      | Found a burning altar of Makhleb.
  2841 | D:3      | Found a shimmering altar of Xom.
  3159 | D:4      | Noticed Sigmund
  3185 | D:4      | Killed Sigmund
  3185 | D:4      | Reached XP level 7. HP: 55/60 MP: 6/6
  3419 | D:4      | Noticed Menkaure
  3436 | D:4      | Killed Menkaure
  3436 | D:4      | Reached skill level 5 in Short Blades
  3484 | D:4      | Found a white marble altar of Elyvilon.
  3691 | D:4      | Reached skill level 5 in Fighting
  3781 | D:4      | Reached XP level 8. HP: 50/68 MP: 7/7
  3986 | D:5      | Entered Level 5 of the Dungeon
  4075 | D:5      | Found a staircase to the Ecumenical Temple.
  4117 | Temple   | Entered the Ecumenical Temple
  4413 | D:5      | Found Xeytwim's Gadget Boutique.
  4476 | D:5      | Reached skill level 5 in Stealth
  4658 | D:5      | Found Kapruwug's Magic Scroll Shoppe.
  5788 | D:6      | Reached skill level 5 in Dodging
  5881 | D:6      | Reached XP level 9. HP: 39/74 MP: 8/8
  6061 | D:6      | Noticed Edmund
  6070 | D:6      | Killed Edmund
  6621 | D:6      | Noticed Prince Ribbit
  7209 | D:7      | Got a crystal rapier
  7210 | D:7      | Identified the +8 rapier "Syczij" {flame, rF+ rN+ Int-4}
                  | (You found it on level 7 of the Dungeon)
  7283 | D:7      | Found Epinwaib's Gadget Boutique.
  7368 | D:7      | Got a heavily runed scale mail
  7379 | D:7      | Identified the +1 scale mail of Fedhas's Favour {rPois rF+
                  | rN+ Regen+} (You found it on level 7 of the Dungeon)
  7775 | D:8      | Found a staircase to the Lair.
  7781 | D:8      | Noticed a two-headed ogre
  7809 | D:8      | Found Mipn's Distillery.
  7940 | D:8      | Found Yheryomm's Distillery.
  7948 | D:8      | Bought a potion of heal wounds for 60 gold pieces
  7948 | D:8      | Bought a potion of invisibility for 96 gold pieces
  8084 | D:8      | Found Sota Zitt's Assorted Antiques.
  8446 | D:8      | Found Kairoeps's Weapon Emporium.
  8452 | D:8      | Bought a +1 rapier of electrocution for 221 gold pieces
  8463 | D:8      | Found a glowing golden altar of the Shining One.
  8469 | D:8      | Found an ornate altar of the Wu Jian Council.
  8470 | D:8      | Found a shadowy altar of Dithmenos.
  8470 | D:8      | Found a shattered altar of Ashenzari.
  8474 | D:8      | Found a deep blue altar of Sif Muna.
  8479 | D:8      | Became a worshipper of Ashenzari the Shackled
  8479 | D:8      | Reached * piety under Ashenzari
  8479 | D:8      | Reached ** piety under Ashenzari
  8577 | D:9      | Learned a level 1 spell: Confusing Touch
  8618 | D:9      | Found a staircase to the Orcish Mines.
  8618 | D:9      | Noticed a troll
  8826 | Lair:1   | Entered Level 1 of the Lair of Beasts
  8873 | Lair:1   | Noticed a komodo dragon
  8898 | Lair:1   | Noticed a komodo dragon
  8906 | Lair:1   | Killed a komodo dragon
  8906 | Lair:1   | Reached skill level 1 in Spellcasting
  8906 | Lair:1   | Reached skill level 1 in Hexes
  8924 | Lair:1   | Found a gate leading to a gauntlet.
  9010 | Gauntlet | Entered a Gauntlet
  9010 | Gauntlet | Found a transporter.
  9010 | Gauntlet | Noticed an eye of devastation
  9018 | Gauntlet | Found a transporter.
  9019 | Gauntlet | Found a transporter.
  9028 | Gauntlet | Found a transporter.
  9030 | Gauntlet | Found a transporter.
  9032 | Gauntlet | Noticed a red ugly thing
  9035 | Gauntlet | Noticed a red ugly thing
  9036 | Gauntlet | Noticed a great orb of eyes
  9038 | Gauntlet | Found a transporter.
  9045 | Gauntlet | Identified the ring of Uqasex {Int+3 Stlth+}
  9051 | Gauntlet | Noticed a hell hog
  9052 | Gauntlet | Found a runed translucent door.
  9054 | Gauntlet | Found a transporter.
  9056 | Gauntlet | Found a runed translucent door.
  9064 | Gauntlet | Found a transporter.
  9071 | Gauntlet | Noticed a hell beast
  9073 | Gauntlet | Noticed a wizard
  9074 | Gauntlet | Found a transporter.
  9075 | Gauntlet | Found a runed translucent door.
  9075 | Gauntlet | Found a runed translucent door.
  9076 | Gauntlet | Identified the ring "Juag" {MP+9 Str+8 Int-5 Dex+9 Stlth+}
  9076 | Gauntlet | Noticed a wizard
  9088 | Gauntlet | Found a transporter.
  9088 | Gauntlet | Found a transporter.
  9102 | Gauntlet | Found a transporter.
  9123 | Gauntlet | Found a transporter.
  9123 | Gauntlet | Found a transporter.
  9227 | Gauntlet | Paralysed by a floating eye for 3 turns
  9238 | Gauntlet | Paralysed by a floating eye for 3 turns
  9242 | Gauntlet | Killed an eye of devastation
  9242 | Gauntlet | Reached skill level 5 in Armour
  9242 | Gauntlet | Reached XP level 10. HP: 57/83 MP: 11/11
  9377 | Gauntlet | Got the uncursed pair of boots of the Big Bang {Str+4}
  9387 | Gauntlet | Identified the +2 pair of boots of the Big Bang {Str+4}
                  | (You found it in a Gauntlet)
  9432 | Gauntlet | Noticed a minotaur
  9438 | Gauntlet | Mangled by a minotaur

Levels and vault maps discovered:
D:1:      wheals_arrival_shading, layout_loops_ring, chequers_avenue
D:2:      layout_basic, lemuel_round_altar, minmay_misc_feat_alley, uniq_robin
D:3:      layout_basic, zin_scriptorium, doesnt_xom_only_xom, uniq_jessica
D:4:      layout_loops_ring, elyvilon_altar_5, first_ration,
          serial_bayou_pond_b, uniq_menkaure, uniq_sigmund
D:5:      layout_gridville, minmay_temple_entry_mist, serial_shops,
          shop_fountains, shop_fountains
D:6:      layout_basic, uniq_prince_ribbit1, uniq_edmund
D:7:      layout_loops_ring, serial_shops, kennysheep_little_box
D:8:      layout_loops_corners, minitemple, dpeg_oklobed_lair, serial_shops,
          nicolae_shop_stone, shop, shop, nicolae_shop_overgrown_old_shop
D:9:      layout_rooms, kennysheep_orc_monster_closet_entryway, uniq_grum
Temple:   oiseaux_autumnal_temple
Lair:1:   layout_gridlike, gauntlet_entry_generic
Gauntlet: minmay_gauntlet_77_tree [minmay_gauntlet_arena_77_tiled_triplets,
          minmay_gauntlet_arena_77_box, minmay_gauntlet_arena_77_p_blocks,
          minmay_gauntlet_arena_77_cramped,
          minmay_gauntlet_arena_77_block_sizes,
          minmay_gauntlet_arena_77_shame_cube, minmay_gauntlet_arena_77_braids,
          gauntlet_exit_hidden_loot]

Skill      XL: |  1  2  3  4  5  6  7  8  9 10 |
---------------+-------------------------------+-----
Short Blades   | 3 4 5 6 7 |  7.6
Dodging        | 3 4 5 6 |  6.1
Armour         | 1 2 4 5 |  5.1
Stealth        | 3 4 5 7 |  7.2
Fighting       | 4 5 6 |  6.2
Spellcasting   | 1 2 |  2.0
Hexes          | 1 2 |  2.0

Action                   |  1- 3 |  4- 6 |  7- 9 | 10-12 || total
-------------------------+-------+-------+-------+-------++-------
Melee: Short sword       |   155 |   374 |   733 |       ||  1262
       Rapier            |       |       |    79 |    12 ||    91
 Cast: Confusing Touch   |       |       |       |     2 ||     2
Evoke: Wand              |       |       |    28 |       ||    28
  Use: Scroll            |     2 |       |    11 |     1 ||    14
       Potion            |       |     7 |     2 |     1 ||    10
 Stab: Sleeping          |     1 |       |     2 |       ||     3
       Paralysed         |       |       |     6 |       ||     6
       Invisible         |       |       |       |     2 ||     2
  Eat: Chunk             |    12 |    16 |    28 |       ||    56
       Ration            |       |       |     1 |       ||     1
Armor: Ring mail         |     3 |       |       |       ||     3
       Scale mail        |    58 |   181 |   334 |    11 ||   584
Dodge: Dodged            |    87 |   188 |   376 |     9 ||   660

Table legend:
 A = Non-vault XP
 B = Vault XP
 C = Vault XP percentage of total XP
 D = Non-vault monster count
 E = Vault monster count
 F = Vault count percentage of total count
                 A         B        C        D         E       F
            +---------+---------+-------+---------+---------+-------
      Total |    3213 |    2110 |  39.6 |     135 |      28 |  17.2
            +---------+---------+-------+---------+---------+-------
        D:1 |      59 |       4 |   6.3 |      21 |       2 |   8.7
        D:2 |      90 |      33 |  26.8 |      20 |      10 |  33.3
        D:3 |     150 |      37 |  19.8 |      20 |       1 |   4.8
        D:4 |     329 |     524 |  61.4 |      22 |       5 |  18.5
        D:5 |     792 |       0 |   0.0 |      21 |       0 |   0.0
        D:6 |     549 |     169 |  23.5 |      16 |       1 |   5.9
        D:7 |     321 |       0 |   0.0 |       6 |       0 |   0.0
        D:8 |      33 |       0 |   0.0 |       3 |       0 |   0.0
        D:9 |       0 |     402 | 100.0 |       0 |       4 | 100.0
     Lair:1 |     890 |       0 |   0.0 |       6 |       0 |   0.0
   Gauntlet |       0 |     941 | 100.0 |       0 |       5 | 100.0
            +---------+---------+-------+---------+---------+-------
